 Dungeon Crawl Stone Soup version 0.29-a0-338-g1ff7896281 (webtiles) character file.

Game seed: 6447184963858893084

101438 almond the Fighter (level 16, -2/147 HPs)
             Began as a Gnoll Wanderer on Apr 18, 2022.
             Was an Elder of Sif Muna.
             Slain by a white ugly thing (23 damage)
             ... in an ice cave.
             The game lasted 01:35:27 (42721 turns).

almond the Fighter (Gnoll Wanderer)                Turns: 42721, Time: 01:35:28

Health: -2/147     AC: 27    Str: 11    XL:     16   Next: 30%
Magic:  15/30      EV: 16    Int: 15    God:    Sif Muna [****..]
Gold:   180        SH: 15    Dex: 17    Spells: 1/36 levels left

rFire   . . .      SeeInvis .   W - +5 eveningstar (flame)
rCold   . . .      Faith    .   b - +3 buckler
rNeg    . . .      Spirit   .   t - +0 swamp dragon scales
rPois   +          Reflect  +   Z - +2 helmet
rElec   .          Harm     .   D - scarf {repulsion}
rCorr   .          Rampage  .   y - +2 pair of gloves
Will    ++...                   o - +0 pair of boots
Stlth   ++++......              i - amulet of reflection
HPRegen 0.34/turn               E - +4 ring of protection
MPRegen 0.22/turn               e - ring of willpower

@: ice-armoured, repel missiles
A: fangs 1, strong nose, distributed training, talons 1, robust 1
a: Renounce Religion, Channel Magic, Forget Spell, Divine Exegesis


You were in an ice cave.
You worshipped Sif Muna.
Sif Muna was greatly pleased with you.
You visited 5 branches of the dungeon, and saw 26 of its levels.
You visited the Abyss 1 time.
You also visited: Sewer, Ice Cave and Volcano.

You collected 2229 gold pieces.
You spent 2049 gold pieces at shops.

Inventory:

Hand Weapons
 f - a +3 trident of venom
 F - the +11 flail of the Endless March {vorpal, rF- rN+++ Dex+3 SInv}
   (You found it on level 6 of the Dungeon)

   It inflicts extra damage upon your enemies.
   Dex:       It affects your dexterity (+3).
   rF:        It makes you vulnerable to fire.
   rN:        It renders you almost immune to negative energy.
   SInv:      It lets you see invisible.
 W - a +5 eveningstar of flaming (weapon)
Missiles
 m - 59 poisoned darts (quivered)
 H - 4 curare-tipped darts
 J - 2 throwing nets
Armour
 b - a +3 buckler (worn)
 o - a +0 pair of boots (worn)
 t - +0 swamp dragon scales (worn)
 y - a +2 pair of gloves (worn)
 D - a scarf of repulsion (worn)
 G - +0 acid dragon scales
 Z - a +2 helmet (worn)
Jewellery
 a - an amulet of guardian spirit
 e - a ring of willpower (right hand)
 i - an amulet of reflection (around neck)
 p - a ring of protection from fire
 E - a +4 ring of protection (left hand)
 X - an amulet of faith
Wands
 M - a wand of flame (26)
 O - a wand of iceblast (15)
 Q - a wand of polymorph (6)
 Y - a wand of paralysis (14)
Scrolls
 c - 2 scrolls of silence
 d - 7 scrolls of vulnerability
 h - 4 scrolls of amnesia
 k - 2 scrolls of blinking
 q - a scroll of holy word
 r - 4 scrolls of magic mapping
 s - 5 scrolls of identify
 v - a scroll of fear
 w - a scroll of brand weapon
 x - 4 scrolls of fog
 L - a scroll of summoning
 R - a scroll of immolation
 T - a scroll of enchant armour
 U - 2 scrolls of torment
Potions
 g - 2 potions of haste
 j - 10 potions of curing
 l - 5 potions of mutation
 n - 3 potions of flight
 u - a potion of magic
 z - 7 potions of attraction
 A - a potion of berserk rage
 B - a potion of resistance
 C - 2 potions of lignification
 I - a potion of heal wounds
 K - 8 potions of ambrosia
 N - 4 potions of cancellation
 P - 2 potions of might
Miscellaneous
 S - a box of beasts
 V - a condenser vane


   Skills:
 + Level 14.7 Fighting
 + Level 10.9 Short Blades
 + Level 10.9 Long Blades
 + Level 10.9 Axes
 + Level 11.2 Maces & Flails
 + Level 10.9 Polearms
 + Level 10.9 Staves
 + Level 10.9 Slings
 + Level 10.9 Bows
 + Level 10.9 Crossbows
 + Level 10.9 Throwing
 + Level 10.9 Armour
 + Level 10.9 Dodging
 + Level 11.6 Stealth
 + Level 11.8 Shields
 + Level 10.9 Unarmed Combat
 + Level 10.9 Spellcasting
 + Level 9.1 Conjurations
 + Level 9.1 Hexes
 + Level 9.1 Summonings
 + Level 9.1 Necromancy
 + Level 9.1 Translocations
 + Level 9.1 Transmutations
 + Level 9.1 Fire Magic
 + Level 9.1 Ice Magic
 + Level 9.1 Air Magic
 + Level 9.1 Earth Magic
 + Level 9.1 Poison Magic
 + Level 11.8 Invocations
 + Level 10.9 Evocations


You had one spell level left.
You knew the following spells:

 Your Spells              Type           Power      Damage    Failure   Level
a - Foxfire               Conj/Fire      100%       2x1d9     1%          1
b - Frozen Ramparts       Ice            70%        1d9       1%          3
c - Ozocubu's Armour      Ice            35%        N/A       1%          3
d - Flame Wave            Conj/Fire      35%        2d8       4%          4
e - Passwall              Tmut/Erth      29%        N/A       1%          2
f - Iskenderun's Battles  Conj           35%        2d9       14%         5
g - Teleport Other        Tloc           35%        N/A       1%          3
h - Stone Arrow           Conj/Erth      70%        3d11      1%          3
i - Summon Mana Viper     Hex/Summ       35%        N/A       14%         5
j - Statue Form           Tmut/Erth      23%        N/A       58%         6

Your spell library contained the following spells:

 Spells                   Type           Power      Damage    Failure   Level
 Animate Skeleton         Necr           70%        N/A       1%          1
 Freeze                   Ice            100%       1d11      1%          1
 Pain                     Necr           100%       1d9       1%          1
 Sandblast                Erth           70%        2d15      1%          1
 Shock                    Conj/Air       100%       1d9       1%          1
 Slow                     Hex            100%       N/A       1%          1
 Summon Small Mammal      Summ           100%       N/A       1%          1
 Call Imp                 Summ           35%        N/A       1%          2
 Corpse Rot               Necr/Air       70%        N/A       1%          2
 Ensorcelled Hibernation  Hex/Ice        70%        N/A       1%          2
 Poisonous Vapours        Pois/Air       70%        N/A       1%          2
 Static Discharge         Conj/Air       35%        N/A       1%          2
 Sublimation of Blood     Necr           35%        N/A       1%          2
 Wereblood                Tmut           35%        N/A       1%          2
 Confusing Touch          Hex            35%        N/A       1%          3
 Conjure Flame            Conj/Fire      35%        6-21      1%          3
 Gell's Gravitas          Tloc           35%        N/A       1%          3
 Inner Flame              Hex/Fire       35%        N/A       1%          3
 Portal Projectile        Hex/Tloc       70%        N/A       1%          3
 Summon Guardian Golem    Hex/Summ       35%        N/A       1%          3
 Swiftness                Air            35%        N/A       1%          3
 Tukima's Dance           Hex            35%        N/A       1%          3
 Vampiric Draining        Necr           35%        2d8       1%          3
 Airstrike                Air            17%        N/A       4%          4
 Anguish                  Hex/Necr       17%        N/A       4%          4
 Cause Fear               Hex            17%        N/A       4%          4
 Fulminant Prism          Conj/Hex       17%        3d11      4%          4
 Hailstorm                Conj/Ice       35%        3d9       4%          4
 Iskenderun's Mystic Bla  Conj/Tloc      35%        2d8       4%          4
 Petrify                  Tmut/Erth      35%        N/A       4%          4
 Blade Hands              Tmut           17%        N/A       14%         5
 Excruciating Wounds      Necr           17%        N/A       14%         5
 Lee's Rapid Deconstruct  Erth           17%        3d12*     14%         5
 Metabolic Englaciation   Hex/Ice        17%        N/A       14%         5
 Silence                  Hex/Air        17%        N/A       14%         5
 Yara's Violent Unravell  Hex/Tmut       17%        3d8       14%         5
 Conjure Ball Lightning   Conj/Air       17%        3x3d6     58%         6
 Dispersal                Tloc           17%        N/A       58%         6
 Iron Shot                Conj/Erth      17%        9d4       58%         6
 Enfeeble                 Hex            17%        N/A       99%         7
 Haunt                    Necr/Summ      17%        N/A       99%         7
 Malign Gateway           Summ/Tloc      17%        N/A       99%         7
 Orb of Destruction       Conj           17%        9d7       99%         7
 Ozocubu's Refrigeration  Ice            17%        4d8       99%         7
 Spellforged Servitor     Conj/Summ      17%        N/A       99%         7
 Summon Hydra             Summ           17%        N/A       99%         7


Dungeon Overview and Level Annotations

Branches:
Dungeon (15/15)            Temple (1/1) D:7            Lair (6/6) D:8
  Swamp (2/4) Lair:2        Snake (0/4) Lair:4        Slime (0/5) Lair:5
    Orc (2/2) D:9             Elf (0/3) Orc:2        Vaults (0/5) D:14
 Depths (0/4) D:15          Sewer (visited)           IceCv (1/1)
Volcano (visited)

Altars:
Ashenzari
Cheibriados
Dithmenos
Elyvilon
Fedhas
Gozag
Hepliaklqana
Kikubaaqudgha
Makhleb
Nemelex Xobeh
Okawaru
Qazlal
Ru
Sif Muna
Trog
Uskayaw
Vehumet
Wu Jian
Xom
Yredelemnul
Zin
The Shining One
Beogh
Jiyva

Shops:
D:4 *   D:6 !   D:10 [   Orc:2 *!:[=(

Portals:
Pandemonium: Orc:2

Annotations:
D:2 1 runed translucent door, Crazy Yiuf
D:7 Joseph
Lair:5 1 runed translucent door


Innate Abilities, Weirdness & Mutations

You have very sharp teeth.
Your uncanny sense of smell can sniff out nearby items.
Your experience applies equally to all skills.
You have sharp toenails.
You are robust. (+10% HP)


Message History

The white ugly thing is severely wounded.
The white ugly thing barely misses you. You block the polar bear's attack.
The polar bear closely misses you. You block the polar bear's attack.
You puncture the white ugly thing! You burn the white ugly thing.
The white ugly thing is almost dead.
The ice encasing you melts away. You block the rime drake's attack.
The white ugly thing kicks you!
* * * LOW HITPOINT WARNING * * *
The white ugly thing freezes you!!
* * * LOW HITPOINT WARNING * * *
The polar bear bites you but does no damage.
The polar bear closely misses you. x2; You block the rime drake's attack.
You feel much better.
The white ugly thing kicks you but does no damage.
The rime drake barely misses you. You block the polar bear's attack.
The polar bear misses you. You block the polar bear's attack.
Unknown command.
Casting: Foxfire (safe; 1% risk of failure)
Confirm with . or Enter, or press ? or * to list all spells.
A film of ice covers your body!
You block the white ugly thing's attack.
The rime drake barely misses you.
The polar bear bites you but does no damage.
You block the polar bear's attack. x2
Casting: Ozocubu's Armour (safe; 1% risk of failure)
Confirm with . or Enter, or press ? or * to list all spells.
A mana viper appears with a sibilant hiss.
The rime drake bites you.
* * * LOW HITPOINT WARNING * * *
You block the white ugly thing's attack.
You block the polar bear's attack. The polar bear closely misses you.
The polar bear misses you.
Unknown command.
You puncture the rime drake! You burn the rime drake.
Your bite misses the rime drake.
The rime drake is severely wounded.
You block the rime drake's attack. The white ugly thing kicks you!
* * * LOW HITPOINT WARNING * * *
The white ugly thing freezes you!!
You die...

# ###..##
∆ #[
$##..##
#$#.##..##
∆ ..#....#
#.#..##
##..##
##*.## .
#..S# ..#
#@k##...#
#hu....#
##...###
#####


You could see a white ugly thing, a polar bear (ally target), a rime drake (ally
target), a friendly mana viper (summoned) and a friendly battlesphere.

Vanquished Creatures
  A stone giant (D:15)
  Nessos (Orc:2)
  A dire elephant (Lair:6)
  A bunyip (Swamp:1)
  2 fire dragons
  8 hydras
  3 boulder beetles
  4 centaur warriors
  3 demonspawn (Orc:2)
  2 catoblepae (Lair:6)
  A ghost crab (Swamp:1)
  An alligator (Swamp:1)
  A thrashing horror (Abyss:2)
  A hell hog (Volcano)
  2 tengu warriors (D:15)
  A deep troll shaman (Lair:6)
  5 death yaks
  4 orc high priests (Orc:2)
  4 goliath frogs (Swamp:1)
  3 spriggan druids (Swamp:1)
  7 orc knights
  3 deep elf pyromancers
  4 bog bodies (Swamp:1)
  A lindwurm (Lair:6)
  2 necromancers (D:14)
  A bunyip skeleton (Abyss:2)
  An orc sorcerer (Orc:2)
  14 ugly things
  4 manticores
  9 cyclopes
  A will-o-the-wisp (Swamp:1)
  11 black mambas
  2 smoke demons (Abyss:2)
  8 cane toads
  2 orange demons (Orc:2)
  2 unseen horrors
  2 gargoyles (D:12)
  8 elephants
  An efreet (D:15)
  A kobold demonologist (Abyss:2)
  2 rime drakes
  12 trolls
  11 komodo dragons
  2 tengu conjurers (D:15)
  A queen bee (Orc:1)
  5 large abominations (Abyss:2)
  Grinder (D:4)
  14 blink frogs
  9 polar bears
  A dream sheep (Orc:2)
  2 tyrant leeches (Swamp:1)
  3 slime creatures (D:12)
  4 nameless horrors
  2 shadows
  2 centaur simulacra
  Sigmund (D:5)
  3 spriggans (Swamp:1)
  3 wyverns
  2 vampires
  A wraith (D:13)
  3 ynoxinuls
  9 fire bats (Volcano)
  32 yaks
  2 steam dragons
  4 basilisks
  A chaos spawn (Abyss:2)
  12 vampire mosquitoes
  A warg (Orc:2)
  5 acid dragons
  3 swamp worms (Swamp:1)
  3 hell hounds (Volcano)
  20 water moccasins
  34 orc warriors
  6 sky beasts
  An ice beast (D:5)
  8 ogres
  A black bear (shapeshifter) (D:13)
  3 starcursed masses (Abyss:2)
  A swamp drake (Swamp:2)
  4 black bears
  19 wolves
  17 centaurs
  2 phantoms
  12 bullfrogs
  5 kobold brigands
  A necrophage (D:7)
  4 small abominations (Abyss:2)
  4 scorpions (D:5)
  5 wights (D:7)
  33 killer bees
  3 howler monkeys
  2 jellies
  5 hounds
  2 quasits (Abyss:2)
  23 orc priests
  A gnoll shaman (D:8)
  Jessica (D:3)
  3 iguanas
  20 orc wizards
  A merfolk siren (Sewer)
  11 gnolls
  12 adders
  A river rat (Sewer)
  A shadow imp (D:4)
  4 white imps
  An ufetubus (D:5)
  A worm (D:2)
  4 dart slugs
  95 orcs
  9 ball pythons
  7 bats
  6 endoplasms
  11 giant cockroaches
  11 goblins
  8 hobgoblins
  2 jackals
  26 kobolds
  7 quokkas
  10 frilled lizards
  34 rats
791 creatures vanquished.

Vanquished Creatures (collateral kills)
  A tentacled starspawn (Abyss:2)
  A revenant (Abyss:2)
  A lorocyproca (Abyss:2)
  2 wretched stars (Abyss:2)
  A large abomination (Abyss:2)
  A swamp dragon (Swamp:1)
  4 orc sorcerers (Orc:2)
  An orange demon (Abyss:2)
  A silent spectre (Abyss:2)
  A tyrant leech (Swamp:1)
  A spriggan (Swamp:1)
  A fire bat (Volcano)
  A vampire mosquito (D:12)
  2 neqoxecs (Orc:2)
  An acid dragon (D:12)
  3 orc warriors (Orc:2)
  A small abomination (Abyss:2)
  A quasit (Abyss:2)
  An orc priest (Orc:2)
  4 foxfires
30 creatures vanquished.

Vanquished Creatures (others)
  2 goliath frogs (Swamp:2)
  2 bloated husks
  A quasit (Abyss:2)
  247 foxfires
  24 fungi
  100 plants
  4 starspawn tentacles (Abyss:2)
380 creatures vanquished.

Grand Total: 1201 creatures vanquished

Notes
Turn   | Place    | Note
-------+----------+-------------------------------------------
     0 | D:1      | Reached skill level 10 in Fighting
     0 | D:1      | almond the Gnoll Wanderer began the quest for the Orb.
     0 | D:1      | almond set off with the following items: a +1 mace, a +2
                  | buckler, a scroll of silence, a +0 robe
     0 | D:1      | Reached XP level 1. HP: 29/29 MP: 1/1
   128 | D:1      | Reached XP level 2. HP: 36/36 MP: 2/2
   248 | D:1      | Found a faded altar of an unknown god.
   915 | D:1      | Reached XP level 3. HP: 42/42 MP: 3/3
  1368 | D:2      | Reached skill level 1 in Invocations
  1655 | D:2      | Reached skill level 1 in Short Blades
  1655 | D:2      | Reached skill level 1 in Long Blades
  1655 | D:2      | Reached skill level 1 in Axes
  1655 | D:2      | Reached skill level 1 in Polearms
  1655 | D:2      | Reached skill level 1 in Staves
  1655 | D:2      | Reached skill level 1 in Slings
  1655 | D:2      | Reached skill level 1 in Bows
  1655 | D:2      | Reached skill level 1 in Crossbows
  1655 | D:2      | Reached skill level 1 in Throwing
  1655 | D:2      | Reached skill level 1 in Armour
  1655 | D:2      | Reached skill level 1 in Dodging
  1655 | D:2      | Reached skill level 1 in Unarmed Combat
  1655 | D:2      | Reached skill level 1 in Spellcasting
  1655 | D:2      | Reached skill level 1 in Evocations
  1765 | D:2      | Found an opulent altar of Gozag.
  1821 | D:2      | Reached XP level 4. HP: 48/48 MP: 5/5
  1913 | D:2      | Found a runed translucent door.
  1914 | D:2      | Noticed Crazy Yiuf
  2222 | D:3      | Found a stormy altar of Qazlal.
  2406 | D:3      | Found a glowing drain.
  2443 | Sewer    | Entered a sewer
  2578 | Sewer    | Gained mutation: You have sharp toenails. [potion of
                  | mutation]
  2578 | Sewer    | Gained mutation: You are robust. (+10% HP) [potion of
                  | mutation]
  2617 | Sewer    | Reached skill level 1 in Conjurations
  2617 | Sewer    | Reached skill level 1 in Hexes
  2617 | Sewer    | Reached skill level 1 in Summonings
  2617 | Sewer    | Reached skill level 1 in Necromancy
  2617 | Sewer    | Reached skill level 1 in Translocations
  2617 | Sewer    | Reached skill level 1 in Transmutations
  2617 | Sewer    | Reached skill level 1 in Fire Magic
  2617 | Sewer    | Reached skill level 1 in Ice Magic
  2617 | Sewer    | Reached skill level 1 in Air Magic
  2617 | Sewer    | Reached skill level 1 in Earth Magic
  2617 | Sewer    | Reached skill level 1 in Poison Magic
  2951 | Sewer    | Reached XP level 5. HP: 28/59 MP: 6/6
  3222 | Sewer    | Noticed a malarious merfolk avatar
  3421 | D:3      | Noticed a phantom
  3428 | D:3      | Killed a phantom
  3429 | D:3      | Reached XP level 6. HP: 63/67 MP: 8/8
  3627 | D:3      | Reached skill level 5 in Shields
  4144 | D:3      | Noticed Jessica
  4155 | D:3      | Killed Jessica
  4511 | D:4      | Found a radiant altar of Vehumet.
  4600 | D:4      | Noticed a black bear
  4603 | D:4      | Noticed Grinder
  4613 | D:3      | Killed a black bear
  4614 | D:3      | Reached XP level 7. HP: 68/73 MP: 10/10
  4650 | D:4      | Killed Grinder
  4651 | D:4      | Reached skill level 5 in Stealth
  4797 | D:4      | Found Enguo's General Store.
  4881 | D:4      | Bought 6 atropa-tipped darts for 46 gold pieces
  5947 | D:5      | Entered Level 5 of the Dungeon
  5959 | D:5      | Reached XP level 8. HP: 81/81 MP: 12/12
  5963 | D:5      | Noticed Sigmund
  6107 | D:5      | Killed Sigmund
  6504 | D:5      | Reached skill level 11 in Fighting
  7367 | D:5      | Reached XP level 9. HP: 40/89 MP: 14/14
  7367 | D:5      | Reached skill level 5 in Short Blades
  7367 | D:5      | Reached skill level 5 in Long Blades
  7367 | D:5      | Reached skill level 5 in Axes
  7367 | D:5      | Reached skill level 5 in Polearms
  7367 | D:5      | Reached skill level 5 in Staves
  7367 | D:5      | Reached skill level 5 in Slings
  7367 | D:5      | Reached skill level 5 in Bows
  7367 | D:5      | Reached skill level 5 in Crossbows
  7367 | D:5      | Reached skill level 5 in Throwing
  7367 | D:5      | Reached skill level 5 in Armour
  7367 | D:5      | Reached skill level 5 in Dodging
  7367 | D:5      | Reached skill level 5 in Unarmed Combat
  7367 | D:5      | Reached skill level 5 in Spellcasting
  7367 | D:5      | Reached skill level 5 in Evocations
  7367 | D:5      | Reached XP level 10. HP: 44/97 MP: 14/18
  7628 | D:5      | Found a snail-covered altar of Cheibriados.
  7716 | D:5      | Learned a level 1 spell: Foxfire
  8652 | D:6      | Reached skill level 12 in Fighting
  8740 | D:6      | Identified the +11 flail of the Endless March {vorpal, rF-
                  | rN+++ Dex+3 SInv}
  8786 | D:6      | Reached skill level 5 in Conjurations
  8786 | D:6      | Reached skill level 5 in Hexes
  8786 | D:6      | Reached skill level 5 in Summonings
  8786 | D:6      | Reached skill level 5 in Necromancy
  8786 | D:6      | Reached skill level 5 in Translocations
  8786 | D:6      | Reached skill level 5 in Transmutations
  8786 | D:6      | Reached skill level 5 in Fire Magic
  8786 | D:6      | Reached skill level 5 in Ice Magic
  8786 | D:6      | Reached skill level 5 in Air Magic
  8786 | D:6      | Reached skill level 5 in Earth Magic
  8786 | D:6      | Reached skill level 5 in Poison Magic
  8926 | D:6      | Learned a level 3 spell: Frozen Ramparts
  8930 | D:6      | Learned a level 3 spell: Ozocubu's Armour
  9270 | D:6      | Found Ixtufog's Distillery.
  9282 | D:6      | Bought a potion of curing for 36 gold pieces
 10094 | D:7      | Found a staircase to the Ecumenical Temple.
 10363 | D:7      | Found a shadowy altar of Dithmenos.
 10895 | D:7      | Found a sparkling altar of Nemelex Xobeh.
 11187 | Temple   | Entered the Ecumenical Temple
 11394 | Temple   | Became a worshipper of Sif Muna the Loreminder
 11568 | D:7      | Noticed Joseph
 11847 | D:8      | Noticed a death yak
 11856 | D:8      | Noticed a cyclops
 12122 | D:8      | Found a glowing silver altar of Zin.
 12180 | D:8      | Reached XP level 11. HP: 104/104 MP: 18/20
 12191 | D:8      | Killed a cyclops
 12388 | D:8      | Reached * piety under Sif Muna
 12442 | D:8      | Found an iron altar of Okawaru.
 12495 | D:8      | Found a staircase to the Lair.
 12498 | D:8      | Noticed a death yak
 12537 | D:8      | Noticed a death yak
 12681 | D:8      | Killed a death yak
 12813 | Lair:1   | Entered Level 1 of the Lair of Beasts
 13053 | Lair:1   | You fall into a shaft and drop 1 floor!
 13067 | Lair:2   | Noticed an eight-headed hydra
 14638 | Lair:2   | Found a staircase to the Swamp.
 15356 | Lair:2   | Killed an eight-headed hydra
 15653 | Lair:3   | Reached XP level 12. HP: 79/113 MP: 22/22
 15944 | Lair:3   | Reached ** piety under Sif Muna
 16533 | Lair:2   | Learned a level 4 spell: Flame Wave
 17100 | Lair:3   | Noticed a six-headed hydra
 17110 | Lair:3   | Killed a six-headed hydra
 17902 | Lair:4   | Found a staircase to the Snake Pit.
 18801 | Lair:4   | Reached skill level 13 in Fighting
 19125 | Lair:5   | Noticed a six-headed hydra
 19136 | Lair:5   | Killed a six-headed hydra
 19207 | Lair:5   | Reached XP level 13. HP: 55/122 MP: 25/25
 19234 | Lair:5   | Found a dark tunnel.
 19243 | Volcano  | Entered a volcano
 19454 | Volcano  | Noticed a fire dragon
 19491 | Volcano  | Killed a fire dragon
 19510 | Volcano  | Reached *** piety under Sif Muna
 19940 | Lair:5   | Learned a level 2 spell: Passwall
 19946 | Lair:5   | Learned a level 5 spell: Iskenderun's Battlesphere
 20308 | Lair:5   | Found a runed translucent door.
 20308 | Lair:5   | Found a viscous altar of Jiyva.
 20310 | Lair:5   | Found a staircase to the Slime Pits.
 20654 | Lair:6   | Entered Level 6 of the Lair of Beasts
 22171 | Lair:5   | Reached skill level 10 in Shields
 23231 | Lair:6   | Learned a level 3 spell: Teleport Other
 23235 | Lair:6   | Learned a level 3 spell: Stone Arrow
 23290 | Lair:6   | Reached XP level 14. HP: 65/129 MP: 22/27
 23295 | Lair:6   | Reached skill level 10 in Stealth
 23597 | Lair:6   | Noticed a dire elephant
 23657 | Lair:6   | Killed a dire elephant
 23657 | Lair:6   | Reached **** piety under Sif Muna
 24275 | D:9      | Reached skill level 10 in Invocations
 24856 | D:9      | Found a staircase to the Orcish Mines.
 25241 | D:9      | You fall into a shaft and drop 3 floors!
 25367 | D:10     | Entered Level 10 of the Dungeon
 25388 | D:10     | Found Zout's Armour Boutique.
 25393 | D:10     | Bought a +1 helmet for 149 gold pieces
 26791 | D:11     | Reached ***** piety under Sif Muna
 26915 | D:11     | Received a gift from Sif Muna
 26916 | D:11     | Got Noxuoras's Papyrus of Execration {god gift}
 26951 | D:11     | Learned a level 5 spell: Summon Mana Viper
 28459 | D:13     | Found a gate leading to a gauntlet.
 28707 | D:13     | Reached skill level 10 in Maces & Flails
 29232 | D:14     | Reached skill level 14 in Fighting
 29615 | D:14     | Found a blossoming altar of Fedhas.
 30129 | D:14     | Found a gate to the Vaults.
 30408 | D:14     | Reached XP level 15. HP: 138/138 MP: 28/28
 30515 | D:15     | Entered Level 15 of the Dungeon
 30530 | D:15     | Received a gift from Sif Muna
 30539 | D:15     | Got Huets's Volume of Summoning {god gift}
 31338 | D:15     | Found a staircase to the Depths.
 31352 | D:15     | Reached skill level 10 in Short Blades
 31352 | D:15     | Reached skill level 10 in Long Blades
 31352 | D:15     | Reached skill level 10 in Axes
 31352 | D:15     | Reached skill level 10 in Polearms
 31352 | D:15     | Reached skill level 10 in Staves
 31352 | D:15     | Reached skill level 10 in Slings
 31352 | D:15     | Reached skill level 10 in Bows
 31352 | D:15     | Reached skill level 10 in Crossbows
 31352 | D:15     | Reached skill level 10 in Throwing
 31352 | D:15     | Reached skill level 10 in Armour
 31352 | D:15     | Reached skill level 10 in Dodging
 31352 | D:15     | Reached skill level 10 in Unarmed Combat
 31352 | D:15     | Reached skill level 10 in Spellcasting
 31352 | D:15     | Reached skill level 10 in Evocations
 32801 | Orc:1    | Entered Level 1 of the Orcish Mines
 34003 | Orc:2    | Entered Level 2 of the Orcish Mines
 34018 | Orc:2    | Found Qailis's Jewellery Emporium.
 34030 | Orc:2    | Bought a ring of willpower for 300 gold pieces
 34033 | Orc:2    | Noticed Nessos
 34057 | Orc:2    | Killed Nessos
 34063 | Orc:2    | Bought an amulet of reflection for 360 gold pieces
 34730 | Orc:2    | Found Zifiess's Weapon Emporium.
 35251 | Orc:2    | Found a staircase to the Elven Halls.
 35468 | Orc:2    | Received a gift from Sif Muna
 35528 | Orc:2    | Got Sif Muna's Compendium of Gliding Calling {god gift}
 35571 | Orc:2    | Found Fufun's General Store.
 35572 | Orc:2    | Found Eprasucw's Distillery.
 36229 | Orc:2    | Bought a +0 pair of boots for 58 gold pieces
 36234 | Orc:2    | Bought a condenser vane for 520 gold pieces
 36236 | Orc:2    | Bought a potion of heal wounds for 90 gold pieces
 36236 | Orc:2    | Bought a potion of heal wounds for 90 gold pieces
 36236 | Orc:2    | Bought 2 potions of heal wounds for 180 gold pieces
 36554 | Orc:2    | Found a burning altar of Makhleb.
 36727 | Orc:2    | Cast into level 2 of the Abyss (orc knight)
 36811 | Abyss:2  | Found a corrupted altar of Lugonu.
 36859 | Abyss:2  | Noticed a dread lich
 36995 | Abyss:2  | Found a stormy altar of Qazlal.
 37066 | Abyss:2  | Found a runed translucent gate.
 37067 | Abyss:2  | Found a large runed translucent door.
 37067 | Abyss:2  | Found a large runed translucent door.
 37067 | Abyss:2  | Found a large runed translucent door.
 37067 | Abyss:2  | Found a large runed translucent door.
 37067 | Abyss:2  | Found a large runed translucent door.
 37067 | Abyss:2  | Found a runed translucent door.
 37067 | Abyss:2  | Found a runed translucent gate.
 37067 | Abyss:2  | Found a runed translucent gate.
 37067 | Abyss:2  | Found a runed translucent door.
 37067 | Abyss:2  | Found a large runed translucent door.
 37067 | Abyss:2  | Found a large runed translucent door.
 37067 | Abyss:2  | Found a large runed translucent door.
 37067 | Abyss:2  | Found a large runed translucent door.
 37067 | Abyss:2  | Found a large runed translucent door.
 37067 | Abyss:2  | Found a large runed translucent door.
 37081 | Abyss:2  | Noticed a tentacled starspawn
 37348 | Abyss:2  | Noticed an Executioner
 37360 | Abyss:2  | Noticed a tentacled starspawn
 38011 | Abyss:2  | Noticed a tentacled starspawn
 38020 | Abyss:2  | Killed a tentacled starspawn
 38040 | Abyss:2  | Found a large runed translucent door.
 38041 | Abyss:2  | Found a large runed translucent door.
 38041 | Abyss:2  | Found a large runed translucent door.
 38364 | Abyss:2  | Noticed a revenant
 38375 | Abyss:2  | Killed a revenant
 38385 | Abyss:2  | Noticed a lich
 38392 | Orc:2    | Escaped the Abyss
 38431 | Orc:2    | HP: 5/114 [orc warrior/+0 long sword (21)]
 38438 | Orc:2    | HP: 5/114 [smoke demon/divine providence[an orc high
                  | priest] (15)]
 39239 | Orc:2    | Found Kagaqaug's Book Shop.
 39239 | Orc:2    | Found Ecoenwaden's Antique Armour Boutique.
 39258 | Orc:2    | Found a one-way gate leading to the halls of Pandemonium.
 39260 | Orc:2    | Bought a book of Air for 220 gold pieces
 39848 | Swamp:1  | Entered Level 1 of the Swamp
 40594 | Swamp:1  | Reached XP level 16. HP: 142/147 MP: 30/30
 40998 | Lair:2   | Learned a level 6 spell: Statue Form
 42238 | Swamp:2  | Found a frozen archway.
 42256 | IceCv    | Entered an ice cave
 42717 | IceCv    | HP: 6/147 [white ugly thing (20)]
 42721 | IceCv    | Slain by a white ugly thing

Illustrated notes

Levels and vault maps discovered:
D:1:      dpeg_arrival_more_subterranean_lakeside_camping, layout_basic,
          chequers_ecumenical_altar_grove, hex_intersection
D:2:      layout_loops_cross, basic_altar, skrybe_limestone_x,
          uniq_crazy_yiuf_cottage
D:3:      minmay_thinvault, layout_basic, lemuel_tele_altar,
          portal_sewer_entry_f, serial_bayou_lagoon_a, uniq_jessica
D:4:      layout_basic, mainiacjoe_overflow_cross_hatched, serial_shops, shop,
          serial_bayou_pond_d, nzn_random_ring, uniq_grinder
D:5:      layout_basic, mainiacjoe_overflow_chevrons, uniq_sigmund
D:6:      layout_rooms, serial_shops, nicolae_shop_waterfront, serial_rivers,
          chequers_serial_rivers_micro_d, chequers_serial_rivers_marsh,
          chequers_serial_rivers_micro_c, chequers_serial_rivers_micro_c,
          chequers_serial_rivers_small_a, st_stairs_4
D:7:      layout_loops_corners, nicolae_dithmenos_the_darkroom,
          mainiacjoe_overflow_brackets, minmay_temple_entry_poolview,
          uniq_joseph
D:8:      layout_rooms, zin_scriptorium, lemuel_coloured_pillars_altar,
          dpeg_lair_monsters
D:9:      layout_stronghold, david_orc_5, hangedman_decor_clover_reticule
D:10:     layout_big_octagon, serial_shops, kennysheep_little_box
D:11:     layout_roguey
D:12:     layout_rooms, kennysheep_boxes
D:13:     layout_loops_corners, gauntlet_entry_generic
D:14:     layout_rooms, david_vaults_1, fedhas_altar_1, chequers_jeans,
          kennysheep_generic_room_13
D:15:     grunt_enter_depths_snipers, layout_loops_ring,
          minmay_misc_feat_ornament, nicolae_water_bricks,
          dreamdust_princess_bridge
Temple:   regret_index_temple_generic_petals
Lair:1:   layout_loops_ring, grunt_megastairs_1, lemuel_fruit_fields
Lair:2:   layout_regular_city, swamp_mist_pool, grunt_megastairs_3,
          serial_bayou_shore_a
Lair:3:   layout_regular_city, ldierk_geyser, grunt_forest_stairs_basic,
          chequers_serial_rivers_micro_b, lemuel_old_faithful, lemuel_fruit_tree
Lair:4:   layout_cave_pods, minmay_snake_entry_six_corridors,
          amcnicky_mini_pool_medium
Lair:5:   layout_loops_ring, slime_altar_2, nicolae_volcano_entry_s_turn
Lair:6:   grunt_lair_end_beastmaster, layout_hall_layers, lemuel_fruit_fields
Swamp:1:  layout_falls_marsh, evilmike_swamp_ruin_house_2,
          infiniplex_staircase_pool
Swamp:2:  layout_basic_swamp, portal_ice_cave_entry_ugly_swarm,
          evilmike_swamp_ruin_house_5, grunt_lady_of_the_lake
Orc:1:    layout_caves, basic_altar, special_room [special_room_bee]
Orc:2:    pf_orc_diabolical, layout_diamond_mine, serial_shops,
          nicolae_shop_bloodbath_and_beyond, nicolae_shop_advertising_works
          [nicolae_subvault_shop_adworks], basic_altar, bloody_makhleb,
          uniq_nessos
IceCv:    ice_cave_caverns_02

Skill      XL: |  1  2  3  4  5  6  7  8  9 10 11 12 13 14 15 16 |
---------------+-------------------------------------------------+-----
Fighting       | 11 12 13 14 | 14.7
Invocations    | 1 2 3 4 6 7 8 9 10 11 | 11.8
Short Blades   | 1 2 3 5 6 7 8 9 10 | 10.9
Long Blades    | 1 2 3 5 6 7 8 9 10 | 10.9
Axes           | 1 2 3 5 6 7 8 9 10 | 10.9
Polearms       | 1 2 3 5 6 7 8 9 10 | 10.9
Staves         | 1 2 3 5 6 7 8 9 10 | 10.9
Slings         | 1 2 3 5 6 7 8 9 10 | 10.9
Bows           | 1 2 3 5 6 7 8 9 10 | 10.9
Crossbows      | 1 2 3 5 6 7 8 9 10 | 10.9
Throwing       | 1 2 3 5 6 7 8 9 10 | 10.9
Armour         | 1 2 3 5 6 7 8 9 10 | 10.9
Dodging        | 1 2 3 5 6 7 8 9 10 | 10.9
Unarmed Combat | 1 2 3 5 6 7 8 9 10 | 10.9
Spellcasting   | 1 2 3 5 6 7 8 9 10 | 10.9
Evocations     | 1 2 3 5 6 7 8 9 10 | 10.9
Conjurations   | 1 2 3 4 5 6 7 8 9 |  9.1
Hexes          | 1 2 3 4 5 6 7 8 9 |  9.1
Summonings     | 1 2 3 4 5 6 7 8 9 |  9.1
Necromancy     | 1 2 3 4 5 6 7 8 9 |  9.1
Translocations | 1 2 3 4 5 6 7 8 9 |  9.1
Transmutations | 1 2 3 4 5 6 7 8 9 |  9.1
Fire Magic     | 1 2 3 4 5 6 7 8 9 |  9.1
Ice Magic      | 1 2 3 4 5 6 7 8 9 |  9.1
Air Magic      | 1 2 3 4 5 6 7 8 9 |  9.1
Earth Magic    | 1 2 3 4 5 6 7 8 9 |  9.1
Poison Magic   | 1 2 3 4 5 6 7 8 9 |  9.1
Maces & Flails | 3 4 6 7 8 9 10 11 | 11.2
Shields        | 5 6 7 8 9 10 11 | 11.8
Stealth        | 5 7 8 9 10 11 | 11.6

Action                   |  1- 3 |  4- 6 |  7- 9 | 10-12 | 13-15 | 16-18 || total
-------------------------+-------+-------+-------+-------+-------+-------++-------
Melee: Mace              |    83 |   142 |    22 |       |       |       ||   247
       Bite              |     9 |     9 |    18 |    92 |   232 |    14 ||   374
       Kick              |       |    13 |    47 |   215 |   524 |       ||   799
       Dagger            |       |     3 |   125 |   131 |   116 |       ||   375
       Trident           |       |       |       |   489 |   621 |       ||  1110
       Flail             |       |       |       |    89 |   433 |       ||   522
       Eveningstar       |       |       |       |       |   409 |    91 ||   500
 Fire: Hunting sling     |       |    68 |    72 |    33 |     1 |       ||   174
Throw: Stone             |    93 |    34 |     7 |    43 |    10 |       ||   187
       Dart              |    14 |    11 |    12 |    31 |    37 |       ||   105
       Throwing net      |       |       |       |       |     1 |       ||     1
 Cast: Foxfire           |       |       |       |    20 |    36 |    83 ||   139
       Frozen Ramparts   |       |       |       |    16 |    20 |       ||    36
       Ozocubu's Armour  |       |       |       |     5 |     8 |     2 ||    15
       Flame Wave        |       |       |       |     6 |    12 |       ||    18
       Iskenderun's Batt |       |       |       |       |     4 |    12 ||    16
       Stone Arrow       |       |       |       |       |    38 |       ||    38
       Summon Mana Viper |       |       |       |       |    45 |     5 ||    50
       Ozocubu's Refrige |       |       |       |       |     1 |       ||     1
       Summon Hydra      |       |       |       |       |     1 |       ||     1
Invok: Channel Magic     |       |       |       |       |     2 |     1 ||     3
       Divine Exegesis   |       |       |       |       |     2 |       ||     2
Evoke: Box of beasts     |       |       |       |       |     2 |       ||     2
       Wand              |       |       |       |       |     6 |       ||     6
       Condenser vane    |       |       |       |       |     1 |       ||     1
  Use: Scroll            |     3 |     3 |     9 |     5 |    30 |     1 ||    51
       Potion            |       |     8 |     4 |       |    21 |     1 ||    34
 Stab: Sleeping          |     1 |     1 |     3 |    15 |    28 |     1 ||    49
       Distracted        |       |       |       |     1 |    10 |     1 ||    12
       Petrified         |       |       |       |       |     4 |       ||     4
       Petrifying        |       |       |       |       |     1 |       ||     1
Armor: Robe              |     1 |       |       |       |       |       ||     1
       Leather armour    |     2 |       |       |       |       |       ||     2
       Ring mail         |    11 |    32 |    56 |    40 |       |       ||   139
       Skin              |       |    21 |       |       |       |       ||    21
       Acid dragon scale |       |       |       |   187 |   479 |    10 ||   676
       Scale mail        |       |       |       |       |    65 |       ||    65
       Swamp dragon scal |       |       |       |       |       |   109 ||   109
Dodge: Dodged            |    25 |    72 |    51 |   365 |  1114 |   141 ||  1768
       Repelled          |       |       |       |       |     9 |     3 ||    12
Block: Buckler           |    30 |    95 |    77 |   360 |  1111 |   164 ||  1837
       Reflection        |       |       |       |       |     8 |     1 ||     9

Table legend: (Time is in decaauts)
 A = Elapsed time spent in this place.
 B = Non-inter-level travel time spent in this place.
 C = Inter-level travel time spent in this place.
 D = Time resting spent in this place.
 E = Time spent auto-exploring this place.
 F = Levels seen in this place.
 G = Mean time per level.
                   A        B        C        D        E       F      G
               +--------+--------+--------+--------+--------+-----+--------+
         Total |  42745 |  40940 |   1805 |  11746 |  20510 |  30 | 1424.8 |
       Dungeon |  21059 |  19911 |   1148 |   4527 |  11525 |  15 | 1403.9 |
        Temple |    229 |    183 |     46 |      0 |    173 |   1 |  229.0 |
          Lair |  11211 |  10811 |    400 |   3574 |   5442 |   6 | 1868.5 |
         Swamp |   1888 |   1822 |     66 |    912 |    556 |   2 |  944.0 |
  Orcish Mines |   4634 |   4490 |    144 |   1169 |   2357 |   2 | 2317.0 |
         Abyss |   1664 |   1664 |      0 |    586 |      0 |   1 | 1664.0 |
         Sewer |    939 |    939 |      0 |    247 |    317 |   1 |  939.0 |
      Ice Cave |    464 |    464 |      0 |    386 |     15 |   1 |  464.0 |
       Volcano |    654 |    654 |      0 |    344 |    125 |   1 |  654.0 |
               +--------+--------+--------+--------+--------+-----+--------+

Top non-repeatable levels by time:
   Orc:2: 3554 daAuts
  Lair:2: 3071 daAuts
  Lair:5: 2519 daAuts
     D:5: 2293 daAuts
     D:9: 2053 daAuts
     D:3: 1895 daAuts
    D:15: 1877 daAuts
     D:4: 1826 daAuts
 Swamp:1: 1820 daAuts
     D:7: 1812 daAuts
  Lair:6: 1779 daAuts
 Abyss:2: 1664 daAuts
  Lair:4: 1456 daAuts
    D:14: 1350 daAuts
    D:11: 1237 daAuts
